Somehow this one we win kek

Match 14680935
End
Construct Infanterie Kompanie
Selects Luftwaffe Battlegroup
Selects Fallschirmpioneer Squad Paradrop
Fallschirmpioneer Squad Paradrop
MG 42 Machine Gun Team
MG 42 Machine Gun Team
Fallschirmpioneer Squad Paradrop
Construct Panzergrenadier Kompanie
Selects Stuka Strafing Run
251 Medium Carrier
Stuka Strafing Run
Pak 40 Anti-tank Gun Team
Stuka Strafing Run
Selects Fallschirmjäger Squad Paradrop
Pak 40 Anti-tank Gun Team
Construct Panzer Kompanie
Stuka Strafing Run
Selects Stuka Loiter
Stoßtruppen Squad
Stuka Strafing Run
251 Medium Carrier
Panzer IV Medium Tank
AI Takeover
Tirant
freifra
Pigeon Master MOD.FA
败军之将何以言勇?
osaka04
Computer - Hard
ZmiO
oki
0
0

Comments sign in to comment!

No comments posted yet!